 Dungeon Crawl Stone Soup version 0.17.0-24-gcfadda4 (webtiles) character file.

207 oplop the Changer (level 5, -3/36 HPs)
             Began as an Octopode Transmuter on Nov 15, 2015.
             Slain by an iron imp (12 damage)
             ... summoned by Natasha
             ... on level 2 of the Dungeon.
             The game lasted 00:05:36 (2848 turns).

oplop the Changer (Octopode Transmuter)             Turns: 2848, Time: 00:05:36

Health: -3/36      AC:  1    Str: 11    XL:     5   Next: 85%
Magic:  8/9        EV: 12    Int: 15    God:
Gold:   121        SH:  0    Dex: 12    Spells: 2 memorised, 6 levels left

rFire  + . .     SeeInvis .       - Unarmed
rCold  . . .     Clarity  .     (no shield)
rNeg   . . .     SustAt   .     (helmet restricted)
rPois  .         Gourm    .     (no amulet)
rElec  .         Spirit   .     i - ring of flight (curse)
rCorr  .         Warding  .     (no ring)
rMut   .         Stasis   .     u - ring of protection from fire
MR     .....                    (no ring)
Stlth  ++........               (no ring)
                                (no ring)
                                (no ring)
                                (no ring)

@: appendage, not resistant to hostile enchantments, unstealthy
A: almost no armour, amphibious, 8 rings, constrict 8, tentacle spike 3,
camouflage 1, gelatinous body 1
a: End Transformation, Evoke Flight


You were on level 2 of the Dungeon.
You were not hungry.
One of your tentacles had a temporary spike.
You visited 1 branch of the dungeon, and saw 3 of its levels.

You collected 121 gold pieces.

Inventory:

Missiles
 a - 12 arrows
Jewellery
 i - a cursed ring of flight (left tentacle)
 s - an uncursed ring of fire
 u - a ring of protection from fire (on tentacle)
Scrolls
 d - a scroll of random uselessness {unknown}
 e - 2 scrolls of remove curse {unknown}
 g - a scroll of magic mapping {unknown}
 h - 2 scrolls of immolation {unknown}
 l - a scroll of identify {unknown}
 m - a scroll of enchant weapon {unknown}
 p - a scroll of recharging {unknown}
 w - a scroll of blinking {unknown}
 y - 2 scrolls of teleportation {unknown}
Potions
 f - a potion of brilliance {unknown}
 j - a potion of cancellation {unknown}
 n - a potion of degeneration {unknown}
 o - a potion of ambrosia {unknown}
 t - a potion of curing
 v - a potion of mutation {unknown}
 x - a potion of flight {unknown}
 z - a potion of agility {unknown}
 D - a potion of might {unknown}
Books
 b - a book of Changes

   Spells                             Type                      Level
   a - Beastly Appendage              Transmutation                1
   b - Sticks to Snakes               Transmutation                2
   c - Spider Form                    Transmutation/Poison         3
   d - Ice Form                       Ice/Transmutation            4
   e - Blade Hands                    Transmutation                5
Comestibles
 c - 3 bread rations
 q - a meat ration
 r - a slice of pizza
 B - a fruit
 C - a beef jerky


   Skills:
 + Level 2.8 Fighting
 - Level 2.0 Dodging
 - Level 3.0 Unarmed Combat
 + Level 3.0 Spellcasting
 * Level 4.0 Transmutations
 * Level 1.7 Poison Magic


You had 6 spell levels left.
You knew the following spells:

 Your Spells              Type           Power        Failure   Level  Hunger
a - Beastly Appendage     Trmt           ##....       4%          1    #......
b - Spider Form           Trmt/Pois      ##........   21%         3    ###....


Dungeon Overview and Level Annotations

Branches:
Dungeon (3/15)

Altars:
Fedhas

Annotations:
D:2 Natasha
D:3 Canard's ghost, amateur MiGl


Innate Abilities, Weirdness & Mutations

You cannot wear most types of armour.
You are amphibious.
You can wear up to eight rings at the same time.
You can use your tentacles to constrict eight enemies at once.
Your skin changes colour to match your surroundings (Stealth).
Your rubbery body absorbs attacks (AC +1).
One of your tentacles bears a large vicious spike.


Message History

There is a stone staircase leading up, spattered with blood here.
Unknown command.
Natasha claws you.
* * * LOW HITPOINT WARNING * * *
You climb upwards.
There is a stone staircase leading down here.
Drink which item? (? for menu, Esc to quit)
It was a potion of curing.
You feel better.
Natasha casts a spell.
Casting: Beastly Appendage
Confirm with . or Enter, or press ? or * to list all spells.
One of your tentacles grows a vicious spike.
Natasha claws you!
* * * LOW HITPOINT WARNING * * *
Unknown command.
You barely miss Natasha. Your grab misses Natasha.
Unknown command.
You barely miss Natasha. You grab Natasha.
Your tentacle spike misses Natasha.
You constrict Natasha. Natasha misses you. The iron imp hits you!
You die...

#.## #.# ##.......... #.#
#.# ###....##..... #.#
#.# ######......##.....
#.#
##.###......##.#####.###
#.########......##......#
#.#
#.#.........#####...#####
#.# #...#######.####....#
#.# ..### #.##.5h.### #.#
#.# #.####@.# #.# #.#
#.###...## #.# #.#
#.##..#..# #.# #.#
#.##.###.## #.# ..##
#....##...### #.# ...#
##.###.......# #.#
#..#######..###.......#
#.#
#.....)...†...###...###
#.#
#.###..(....#.#####.###
###.#


You could see an iron imp and Natasha.

Vanquished Creatures
  Ijyb (D:2)
  Natasha (twice) (D:3)
  An adder (D:3)
  7 gnolls
  An ooze (D:3)
  A giant gecko (D:1)
  An orc (D:3)
  7 bats
  13 goblins
  7 hobgoblins
  10 jackals
  5 kobolds
  3 giant newts (D:2)
  2 quokkas
  8 rats
69 creatures vanquished.

Notes
Turn   | Place    | Note
--------------------------------------------------------------
     0 | D:1      | oplop the Octopode Transmuter began the quest for the Orb.
     0 | D:1      | Reached XP level 1. HP: 13/13 MP: 3/3
    52 | D:1      | Reached XP level 2. HP: 11/18 MP: 3/5
   478 | D:1      | Reached XP level 3. HP: 16/24 MP: 4/6
   885 | D:2      | Noticed Ijyb
   906 | D:2      | Killed Ijyb
   906 | D:2      | Reached XP level 4. HP: 10/29 MP: 5/7
  1908 | D:3      | Found a blossoming altar of Fedhas.
  1985 | D:3      | Noticed Natasha
  1991 | D:3      | Learned a level 3 spell: Spider Form
  2077 | D:3      | Reached XP level 5. HP: 35/35 MP: 6/9
  2094 | D:3      | Killed Natasha
  2103 | D:3      | Noticed Canard's ghost (amateur MiGl)
  2490 | D:3      | Reached skill level 1 in Poison Magic
  2493 | D:3      | Reached skill level 4 in Transmutations
  2602 | D:3      | Noticed Natasha
  2619 | D:3      | Killed Natasha
  2839 | D:3      | Noticed Natasha
  2848 | D:2      | Slain by an iron imp

Action                   |  1- 3 |  4- 6 || total
-------------------------+-------+-------++-------
Melee: Unarmed           |    90 |   110 ||   200
 Cast: Beastly Appendage |    19 |    28 ||    47
  Use: Potion            |       |     2 ||     2
 Stab: Sleeping          |       |     3 ||     3
  Eat: Chunk             |       |     7 ||     7
